 Dungeon Crawl Stone Soup version 0.13.1-20-gf50ca03 (webtiles) character file.

1334 BoredOne the Skirmisher (level 8, -2/70 HPs)
             Began as a Hill Orc Fighter on Dec 29, 2013.
             Slain by a troll (5 damage)
             ... on Level 6 of the Dungeon.
             The game lasted 00:19:08 (6111 turns).

BoredOne the Skirmisher (Hill Orc Fighter)          Turns: 6111, Time: 00:19:08

HP  -2/70        AC  8     Str 19      XL: 8   Next: 58%
MP   7/7         EV 14     Int 10      God:
Gold 23          SH  0     Dex 15      Spells:  0 memorised,  7 levels left

Res.Fire  : + . .   See Invis. : .   w - +0,+2 executioner's axe
Res.Cold  : x . .   Warding    : .   b - +0 orc scale mail (curse)
Life Prot.: + . .   Conserve   : .   (no shield)
Res.Poison: .       Res.Corr.  : .   (no helmet)
Res.Elec. : .       Clarity    : .   (no cloak)
Sust.Abil.: . .     Spirit.Shd : .   (no gloves)
Res.Mut.  : .       Stasis     : .   (no boots)
Res.Rott. : .       Flight     : .   (no amulet)
Saprovore : + . .                    y - ring of fire
                                     k - ring of positive energy

@: agile, slightly resistant to hostile enchantments, very unstealthy
A: saprovore 1
a: no special abilities


You were on level 6 of the Dungeon.
You were hungry.

You visited 1 branch of the dungeon, and saw 6 of its levels.

You collected 313 gold pieces.
You spent 310 gold pieces at shops.

Inventory:

Hand weapons
 a - a +0,+0 orcish hand axe {=f}
 g - a -1,+0 orcish hand axe
 u - a +0,+0 orcish war axe
 w - a +0,+2 executioner's axe (weapon)
Missiles
 e - 9 javelins (quivered)
 l - 17 poisoned arrows
Armour
 b - a cursed +0 orcish scale mail (worn)
 c - a +0 orcish shield
Magical devices
 z - a wand of enslavement (21) {unknown}
Comestibles
 d - 4 meat rations
 j - 4 bread rations
 t - an apple
Scrolls
 i - a scroll of fog
 p - 2 scrolls of curse jewellery
 r - a scroll of remove curse
Jewellery
 k - a ring of positive energy (left hand)
 y - a ring of fire (right hand)
Potions
 h - a potion of mutation {unknown}
 m - a potion of restore abilities
 o - a potion of poison {unknown}
 B - a potion of paralysis {unknown}
 C - a potion of brilliance
 E - a potion of heal wounds {unknown}
Books
 v - a book of War Chants

   Spells                             Type                      Level
   Fire Brand                         Charms/Fire                  2
   Freezing Aura                      Charms/Ice                   2
   Shroud of Golubria                 Charms/Translocation         2
   Repel Missiles                     Charms/Air                   2
   Poison Weapon                      Charms/Poison                3
   Regeneration                       Charms/Necromancy            3
 x - a book of Burglary

   Spells                             Type                      Level
   Apportation                        Translocation                1
   Swiftness                          Charms/Air                   2
   Passwall                           Transmutation/Earth          3
   Passage of Golubria                Translocation                4
   Lee's Rapid Deconstruction         Earth                        5
   Darkness                           Hexes                        7


   Skills:
 + Level 7.9 Fighting
 + Level 7.9 Axes
 + Level 7.2 Armour
 + Level 0.1 Dodging
   Level 3.4 Shields


You had 7 spell levels left.
You didn't know any spells.

Dungeon Overview and Level Annotations

Branches:
Dungeon (6/27)
 Temple: D:4-7          Orc: D:6-11

Altars:
Trog

Shops:
D:5 *=(}*

Annotations:
D:3 Nicoed's ghost, average MiBe


Innate Abilities, Weirdness & Mutations

You can tolerate rotten meat.


Message History

* * * LOW HITPOINT WARNING * * *
You feel sick.
You feel better.
Drink which item? (? for menu, Esc to quit)
You feel agile all of a sudden.
It was a potion of agility.
The hobgoblin hits you but does no damage.
The troll closely misses you. The troll misses you.
You hit the troll but do no damage.
Your scale mail prevents you from hitting the hobgoblin.
The hobgoblin is almost dead.
The hobgoblin hits you with a club.
* * * LOW HITPOINT WARNING * * *
The troll bites you!
* * * LOW HITPOINT WARNING * * *
The troll closely misses you.
The hobgoblin hits you but does no damage.
The troll bites you but does no damage. The troll claws you.
You die...

. #.# #.# #.# #.#.# #.#.#
#.#.# . #####.#.########
.[. .........@......# ...
........T######.# ####...
........g## #.####.....#
..........#####..........
........................##
.........>...........#...
.....#.#....#####...<<...
#####..+....'...#......##
####....###.#.#...##


You could see a troll and a hobgoblin.

Vanquished Creatures
  A two-headed ogre (D:5)
  A phantom (D:5)
  A sky beast (D:5)
  Sigmund (D:2)
  Duvessa (D:5)
  A centaur (D:5)
  A giant frog (D:5)
  A hippogriff zombie (D:5)
  A jelly (D:5)
  Dowan (D:5)
  A quasit (D:5)
  A hound (D:5)
  4 scorpions
  4 worker ants
  3 worker ant zombies (D:4)
  3 adders
  13 green rats (D:5)
  A giant mite (D:5)
  A goliath beetle zombie (D:5)
  A worm (D:5)
  An adder skeleton (D:4)
  A grey rat (D:5)
  2 giant eyeballs
  7 orcs
  3 ball pythons
  13 bats
  2 bat zombies
  3 giant cockroaches
  6 goblins
  18 hobgoblins
  4 jackals (D:4)
  14 kobolds
  A quokka (D:4)
  A giant gecko (D:5)
  A giant gecko zombie (D:4)
  3 giant newts (D:1)
  A goblin skeleton (D:4)
  2 hobgoblin zombies (D:4)
  2 orc skeletons (D:4)
  A quokka skeleton (D:4)
  16 rats
  A rat skeleton (D:5)
145 creatures vanquished.

Notes
Turn   | Place    | Note
--------------------------------------------------------------
     0 | D:1      | BoredOne, the Hill Orc Fighter, began the quest for the Orb.
     0 | D:1      | Reached XP level 1. HP: 19/19 MP: 0/0
    26 | D:1      | Reached skill level 3 in Axes
    45 | D:1      | Reached XP level 2. HP: 26/26 MP: 1/1
   372 | D:1      | Reached skill level 4 in Fighting
   509 | D:1      | Reached XP level 3. HP: 29/33 MP: 2/2
  1257 | D:2      | Noticed Sigmund
  1552 | D:2      | Killed Sigmund
  1552 | D:2      | Reached skill level 4 in Axes
  1552 | D:2      | Reached skill level 4 in Armour
  1552 | D:2      | Reached XP level 4. HP: 29/40 MP: 3/3
  1675 | D:2      | Reached XP level 5. HP: 45/47 MP: 4/4
  1709 | D:3      | Found a bloodstained altar of Trog.
  1783 | D:3      | Noticed Nicoed's ghost (average MiBe)
  2264 | D:4      | Reached skill level 5 in Fighting
  2301 | D:4      | HP: 9/47 [orc/orcish flail (7)]
  2912 | D:4      | Reached skill level 5 in Armour
  2912 | D:4      | Reached XP level 6. HP: 49/53 MP: 5/5
  2965 | D:4      | Paralysed by a giant eyeball for 4 turns
  2974 | D:4      | Paralysed by a giant eyeball for 4 turns
  2980 | D:4      | Paralysed by a giant eyeball for 3 turns
  3184 | D:5      | Entered Level 5 of the Dungeon
  3204 | D:5      | Reached skill level 5 in Axes
  3239 | D:5      | Found a glowing drain.
  3256 | D:5      | HP: 9/55 [worm (5)]
  3258 | D:5      | Found Thosues' Weapon Emporium.
  3663 | D:5      | Found Yqupsit's Jewellery Emporium.
  3680 | D:5      | Reached skill level 6 in Fighting
  3680 | D:5      | Reached XP level 7. HP: 47/61 MP: 6/6
  3697 | D:5      | Found Ecasch's Assorted Antiques.
  3861 | D:5      | Reached skill level 6 in Axes
  3861 | D:5      | Reached skill level 6 in Armour
  4270 | D:5      | Noticed Duvessa
  4270 | D:5      | Noticed Dowan
  4281 | D:5      | Killed Duvessa
  4286 | D:5      | Killed Dowan
  4342 | D:5      | Noticed a two-headed ogre
  4348 | D:5      | Killed a two-headed ogre
  4348 | D:5      | Reached skill level 7 in Fighting
  4348 | D:5      | Reached XP level 8. HP: 42/70 MP: 7/7
  4511 | D:5      | Reached skill level 7 in Axes
  4722 | D:5      | Reached skill level 7 in Armour
  5139 | D:5      | HP: 12/70 [green rat (6)]
  5858 | D:5      | Found Throof's General Store.
  5881 | D:5      | Found Ceehab Wamp's Gadget Shop.
  5971 | D:5      | Bought an executioner's axe for 310 gold pieces
  6097 | D:6      | Noticed a troll
  6100 | D:6      | Paralysed by a giant eyeball for 3 turns
  6109 | D:6      | HP: 3/70 [troll (15)]
  6111 | D:6      | Slain by a troll

Action                   |  1- 3 |  4- 6 |  7- 9 || total
-------------------------+-------+-------+-------++-------
Melee: Hand axe          |   117 |    91 |       ||   208
       War axe           |       |   123 |   199 ||   322
       Executioner's axe |       |       |     8 ||     8
Throw: Javelin           |       |     7 |     4 ||    11
  Use: Potion            |     2 |     2 |     4 ||     8
       Scroll            |       |     6 |     6 ||    12
Dungeon Crawl Stone Soup version 0.13.1-20-gf50ca03 (webtiles) character file. 1334 BoredOne the Skirmisher (level 8, -2/70 HPs) Began as a Hill Orc Fighter on Dec 29, 2013. Slain by a troll (5 damage) ... on Level 6 of the Dungeon. The game lasted 00:19:08 (6111 turns). BoredOne the Skirmisher (Hill Orc Fighter) Turns: 6111, Time: 00:19:08 HP -2/70 AC 8 Str 19 XL: 8 Next: 58% MP 7/7 EV 14 Int 10 God: Gold 23 SH 0 Dex 15 Spells: 0 memorised, 7 levels left Res.Fire : + . . See Invis. : . w - +0,+2 executioner's axe Res.Cold : x . . Warding : . b - +0 orc scale mail (curse) Life Prot.: + . . Conserve : . (no shield) Res.Poison: . Res.Corr. : . (no helmet) Res.Elec. : . Clarity : . (no cloak) Sust.Abil.: . . Spirit.Shd : . (no gloves) Res.Mut. : . Stasis : . (no boots) Res.Rott. : . Flight : . (no amulet) Saprovore : + . . y - ring of fire k - ring of positive energy @: agile, slightly resistant to hostile enchantments, very unstealthy A: saprovore 1 a: no special abilities You were on level 6 of the Dungeon. You were hungry. You visited 1 branch of the dungeon, and saw 6 of its levels. You collected 313 gold pieces. You spent 310 gold pieces at shops. Dungeon Overview and Level Annotations Branches: Dungeon (6/27) Temple: D:4-7 Orc: D:6-11 Altars: Trog Shops: D:5 *=(}* Annotations: D:3 Nicoed's ghost, average MiBe Innate Abilities, Weirdness & Mutations You can tolerate rotten meat. Skills: + Level 7.9 Fighting + Level 7.9 Axes + Level 7.2 Armour + Level 0.1 Dodging Level 3.4 Shields You had 7 spell levels left. You didn't know any spells. Inventory: Hand weapons a - a +0,+0 orcish hand axe {=f} g - a -1,+0 orcish hand axe u - a +0,+0 orcish war axe w - a +0,+2 executioner's axe (weapon) Missiles e - 9 javelins (quivered) l - 17 poisoned arrows Armour b - a cursed +0 orcish scale mail (worn) c - a +0 orcish shield Magical devices z - a wand of enslavement (21) {unknown} Comestibles d - 4 meat rations j - 4 bread rations t - an apple Scrolls i - a scroll of fog p - 2 scrolls of curse jewellery r - a scroll of remove curse Jewellery k - a ring of positive energy (left hand) y - a ring of fire (right hand) Potions h - a potion of mutation {unknown} m - a potion of restore abilities o - a potion of poison {unknown} B - a potion of paralysis {unknown} C - a potion of brilliance E - a potion of heal wounds {unknown} Books v - a book of War Chants Spells Type Level Fire Brand Charms/Fire 2 Freezing Aura Charms/Ice 2 Shroud of Golubria Charms/Translocation 2 Repel Missiles Charms/Air 2 Poison Weapon Charms/Poison 3 Regeneration Charms/Necromancy 3 x - a book of Burglary Spells Type Level Apportation Translocation 1 Swiftness Charms/Air 2 Passwall Transmutation/Earth 3 Passage of Golubria Translocation 4 Lee's Rapid Deconstruction Earth 5 Darkness Hexes 7 Message History * * * LOW HITPOINT WARNING * * * You feel sick. You feel better. Drink which item? (? for menu, Esc to quit) You feel agile all of a sudden. It was a potion of agility. The hobgoblin hits you but does no damage. The troll closely misses you. The troll misses you. You hit the troll but do no damage. Your scale mail prevents you from hitting the hobgoblin. The hobgoblin is almost dead. The hobgoblin hits you with a club. * * * LOW HITPOINT WARNING * * * The troll bites you! * * * LOW HITPOINT WARNING * * * The troll closely misses you. The hobgoblin hits you but does no damage. The troll bites you but does no damage. The troll claws you. You die... . #.# #.# #.# #.#.# #.#.# #.#.# . #####.#.######## .[. .........@......# ... ........T######.# ####... ........g## #.####.....# ..........#####.......... ........................## .........>...........#... .....#.#....#####...<<... #####..+....'...#......## ####....###.#.#...## You could see a troll and a hobgoblin.

Action                   |  1- 3 |  4- 6 |  7- 9 || total
-------------------------+-------+-------+-------++-------
Melee: Hand axe          |   117 |    91 |       ||   208
       War axe           |       |   123 |   199 ||   322
       Executioner's axe |       |       |     8 ||     8
Throw: Javelin           |       |     7 |     4 ||    11
  Use: Potion            |     2 |     2 |     4 ||     8
       Scroll            |       |     6 |     6 ||    12

Vanquished Creatures
  A two-headed ogre (D:5)
  A phantom (D:5)
  A sky beast (D:5)
  Sigmund (D:2)
  Duvessa (D:5)
  A centaur (D:5)
  A giant frog (D:5)
  A hippogriff zombie (D:5)
  A jelly (D:5)
  Dowan (D:5)
  A quasit (D:5)
  A hound (D:5)
  4 scorpions
  4 worker ants
  3 worker ant zombies (D:4)
  3 adders
  13 green rats (D:5)
  A giant mite (D:5)
  A goliath beetle zombie (D:5)
  A worm (D:5)
  An adder skeleton (D:4)
  A grey rat (D:5)
  2 giant eyeballs
  7 orcs
  3 ball pythons
  13 bats
  2 bat zombies
  3 giant cockroaches
  6 goblins
  18 hobgoblins
  4 jackals (D:4)
  14 kobolds
  A quokka (D:4)
  A giant gecko (D:5)
  A giant gecko zombie (D:4)
  3 giant newts (D:1)
  A goblin skeleton (D:4)
  2 hobgoblin zombies (D:4)
  2 orc skeletons (D:4)
  A quokka skeleton (D:4)
  16 rats
  A rat skeleton (D:5)
145 creatures vanquished. Notes Turn | Place | Note -------------------------------------------------------------- 0 | D:1 | BoredOne, the Hill Orc Fighter, began the quest for the Orb. 0 | D:1 | Reached XP level 1. HP: 19/19 MP: 0/0 26 | D:1 | Reached skill level 3 in Axes 45 | D:1 | Reached XP level 2. HP: 26/26 MP: 1/1 372 | D:1 | Reached skill level 4 in Fighting 509 | D:1 | Reached XP level 3. HP: 29/33 MP: 2/2 1257 | D:2 | Noticed Sigmund 1552 | D:2 | Killed Sigmund 1552 | D:2 | Reached skill level 4 in Axes 1552 | D:2 | Reached skill level 4 in Armour 1552 | D:2 | Reached XP level 4. HP: 29/40 MP: 3/3 1675 | D:2 | Reached XP level 5. HP: 45/47 MP: 4/4 1709 | D:3 | Found a bloodstained altar of Trog. 1783 | D:3 | Noticed Nicoed's ghost (average MiBe) 2264 | D:4 | Reached skill level 5 in Fighting 2301 | D:4 | HP: 9/47 [orc/orcish flail (7)] 2912 | D:4 | Reached skill level 5 in Armour 2912 | D:4 | Reached XP level 6. HP: 49/53 MP: 5/5 2965 | D:4 | Paralysed by a giant eyeball for 4 turns 2974 | D:4 | Paralysed by a giant eyeball for 4 turns 2980 | D:4 | Paralysed by a giant eyeball for 3 turns 3184 | D:5 | Entered Level 5 of the Dungeon 3204 | D:5 | Reached skill level 5 in Axes 3239 | D:5 | Found a glowing drain. 3256 | D:5 | HP: 9/55 [worm (5)] 3258 | D:5 | Found Thosues' Weapon Emporium. 3663 | D:5 | Found Yqupsit's Jewellery Emporium. 3680 | D:5 | Reached skill level 6 in Fighting 3680 | D:5 | Reached XP level 7. HP: 47/61 MP: 6/6 3697 | D:5 | Found Ecasch's Assorted Antiques. 3861 | D:5 | Reached skill level 6 in Axes 3861 | D:5 | Reached skill level 6 in Armour 4270 | D:5 | Noticed Duvessa 4270 | D:5 | Noticed Dowan 4281 | D:5 | Killed Duvessa 4286 | D:5 | Killed Dowan 4342 | D:5 | Noticed a two-headed ogre 4348 | D:5 | Killed a two-headed ogre 4348 | D:5 | Reached skill level 7 in Fighting 4348 | D:5 | Reached XP level 8. HP: 42/70 MP: 7/7 4511 | D:5 | Reached skill level 7 in Axes 4722 | D:5 | Reached skill level 7 in Armour 5139 | D:5 | HP: 12/70 [green rat (6)] 5858 | D:5 | Found Throof's General Store. 5881 | D:5 | Found Ceehab Wamp's Gadget Shop. 5971 | D:5 | Bought an executioner's axe for 310 gold pieces 6097 | D:6 | Noticed a troll 6100 | D:6 | Paralysed by a giant eyeball for 3 turns 6109 | D:6 | HP: 3/70 [troll (15)] 6111 | D:6 | Slain by a troll

Vault maps used:
D:1:      dpeg_entry_stonehenge_8_columns, minivault_23
D:2:      uniq_sigmund
D:3:      st_stairs_8, trog_three_pillars_becter
D:4:      serial_undead, serial_undead_c, serial_undead_f, serial_undead_f,
          serial_undead_e
D:5:      portal_sewer_entry_b, first_bread, serial_shops, shop, shop, shop,
          shop_coins, shop, minmay_misc_feat_x, minmay_crystal_room,
          grunt_ministairs_6, dk_rats_in_the_wall, uniq_duvessa
D:6:      david_orc_5, led_sif_pool, uniq_grinder
